 Dungeon Crawl Stone Soup version 0.28-a0-8-g6e044cfa68 (webtiles) character file.

Game seed: 13333267136569470904

6 Zonian the Chiller (level 1, 0/13 HPs)
             Began as a Demonspawn Ice Elementalist on July 24, 2021.
             Slain by a jackal (1 damage)
             ... on level 2 of the Dungeon.
             The game lasted 00:03:09 (757 turns).

Zonian the Chiller (Demonspawn Ice Elementalist)     Turns: 757, Time: 00:03:09

Health: 0/13       AC:  2    Str:  8    XL:     1   Next: 75%
Magic:  0/3        EV: 12    Int: 16    God:
Gold:   0          SH:  0    Dex: 13    Spells: 3/4 levels left

rFire   . . .      SeeInvis .   b - +0 club
rCold   . . .      Faith    .   (no shield)
rNeg    . . .      Spirit   .   a - +0 robe
rPois   .          Reflect  .   (no helmet)
rElec   .          Harm     .   (no cloak)
rCorr   .          Rampage  .   (no gloves)
Will    .....                   (no boots)
Stlth   ++........              (no amulet)
HPRegen 0.04/turn               (no ring)
MPRegen 0.08/turn               (no ring)

@: very slightly contaminated
A: no striking features
a: no special abilities


You were on level 2 of the Dungeon.
You visited 1 branch of the dungeon, and saw 2 of its levels.

Inventory:

Hand Weapons
 b - a +0 club (weapon)
Armour
 a - a +0 robe (worn)


   Skills:
 + Level 1.7 Dodging
 + Level 1.7 Stealth
 + Level 2.1 Spellcasting
 + Level 3.8 Ice Magic


You had 3 spell levels left.
You knew the following spells:

 Your Spells              Type           Power      Damage    Failure   Level
a - Freeze                Ice            56%        1d7       4%          1

Your spell library contained the following spells:

 Spells                   Type           Power      Damage    Failure   Level
 Frozen Ramparts          Ice            28%        1d4       13%         3
 Ozocubu's Armour         Ice            14%        N/A       13%         3
 Hailstorm                Conj/Ice       7%         3d4       67%         4


Dungeon Overview and Level Annotations

Branches:
Dungeon (1/15)

Altars:


Message History

The ball python is moderately wounded.
The ball python closely misses you.
* * * LOW HITPOINT WARNING * * *
The ball python constricts you.
Unknown command.
Casting: Freeze (safe; 4% risk of failure)
Confirm with . or Enter, or press ? or * to list all spells.
Aiming: Freeze (safe; 4% risk of failure)
Press: ? - help, Shift-Dir - straight line, f - ball python
Aim: a ball python (moderately wounded, constricting you)
You miscast Freeze.
You are very lightly contaminated with residual magic.
Nothing appears to happen.
The ball python bites you but does no damage.
The ball python constricts you. The ball python barely misses you.
The ball python constricts you.
Casting: Freeze (safe; 4% risk of failure)
Confirm with . or Enter, or press ? or * to list all spells.
Aiming: Freeze (safe; 4% risk of failure)
Press: ? - help, Shift-Dir - straight line, f/p - ball python
Aim: a ball python (moderately wounded, constricting you)
You freeze the ball python.
You kill the ball python!
The bat barely misses you. The bat hits you but does no damage.
Unknown command.
Casting: Freeze (safe; 4% risk of failure)
Confirm with . or Enter, or press ? or * to list all spells.
Aiming: Freeze (safe; 4% risk of failure)
Press: ? - help, Shift-Dir - straight line, f - bat
Aim: a bat You freeze the bat!
You kill the bat!
Unknown command.
You hit the jackal but do no damage. The jackal barely misses you.
The jackal bites you.
* * * LOW HITPOINT WARNING * * *
You hit the jackal.
The jackal is moderately wounded.
The jackal bites you.
You die...

#.......#.. #.......#.#
.......... .........
........# ........#
##### # ....###.# #...#
##.. #h# #.#.# ....
#@#.# #.#.# ..... #.#.#
#.#.# ......####.#.#
#.#.# #..†....#.#+####
#†#.#
....######........#
#.#.# .
......#.#......####.#.#
#PPP.PPPPPPP#......#
#P.......P.P#.##.###
#PPPPPPP.P..'.#....#


You could see a jackal.

Vanquished Creatures
  A goblin (D:2)
  A hobgoblin (D:2)
  A jackal (D:2)
  A ball python (D:2)
  A ball python zombie (D:1)
  A bat (D:2)
  A bush (D:2)
7 creatures vanquished.

Notes
Turn   | Place    | Note
-------+----------+-------------------------------------------
     0 | D:1      | Zonian the Demonspawn Ice Elementalist began the quest for
                  | the Orb.
     0 | D:1      | Reached XP level 1. HP: 13/13 MP: 3/3
   205 | D:1      | You fall into a shaft and drop 1 floor!
   757 | D:2      | Slain by a jackal

Illustrated notes

Levels and vault maps discovered:
D:1:      saegor_arrival_fortress, layout_loops_corners, serial_bayou,
          serial_bayou_crossing, serial_bayou_pond_e, serial_bayou_lake_a,
          serial_bayou_lagoon_a, kennysheep_small_spiral
D:2:      layout_basic, minmay_hedge_maze

Action                   || total
-------------------------++-------
Melee: Club              ||   285
       Unarmed           ||    62
 Cast: Freeze            ||    17
Armor: Robe              ||     4
Dodge: Dodged            ||    20

Table legend: (Time is in decaauts)
 A = Elapsed time spent in this place.
 B = Non-inter-level travel time spent in this place.
 C = Inter-level travel time spent in this place.
 D = Time resting spent in this place.
 E = Time spent auto-exploring this place.
 F = Levels seen in this place.
 G = Mean time per level.
                   A        B        C        D        E       F      G
               +--------+--------+--------+--------+--------+-----+--------+
         Total |    841 |    841 |      0 |    227 |     86 |   2 |  420.5 |
       Dungeon |    841 |    841 |      0 |    227 |     86 |   2 |  420.5 |
               +--------+--------+--------+--------+--------+-----+--------+

Top non-repeatable levels by time:
     D:2: 636 daAuts
     D:1: 205 daAuts
